[Event "ICCopen2017"]
[Site "Internet Chess Club"]
[Date "2017.03.25"]
[Round "7"]
[White "parisian"]
[Black "Koval"]
[Result "0-1"]
[ICCResult "White forfeits on time"]
[WhiteElo "1757"]
[BlackElo "1969"]
[Opening "Sicilian, Chekhover variation"]
[ECO "B53"]
[NIC "SI.02"]
[Time "15:16:41"]
[TimeControl "180+0"]

1. e4 c5 2. Nf3 d6 3. d4 cxd4 4. Qxd4 a6 5. Be3 Nc6 6. Qb6 Qd7 7. Nc3 e6 8.
O-O-O Be7 9. e5 d5 10. Ne4 Bd8 11. Nd6+ Qxd6 12. exd6 Bxb6 13. Bxb6 Nf6 14.
h3 Ne4 15. Bc7 Nxf2 16. Bd3 Nxh1 17. Rxh1 Bd7 18. Re1 O-O 19. g4 Rae8 20.
Ng5 g6 21. c4 Nb4 22. Bf1 dxc4 23. Bxc4 b5 24. Bf1 Nxa2+ 25. Kb1 Nb4 26. Nf3
f6 {White forfeits on time} 0-1

[Event "ICCopen2017"]
[Site "Internet Chess Club"]
[Date "2017.03.25"]
[Round "7"]
[White "flinkfinger"]
[Black "ibarra"]
[Result "0-1"]
[ICCResult "White resigns"]
[WhiteElo "2186"]
[BlackElo "2728"]
[Opening "English: four knights, Romanishin variation"]
[ECO "A28"]
[NIC "EO.05"]
[Time "15:15:47"]
[TimeControl "180+0"]

1. c4 e5 2. Nc3 Nc6 3. Nf3 Nf6 4. e3 Bb4 5. Qc2 Bxc3 6. Qxc3 Qe7 7. a3 d5 8.
cxd5 Nxd5 9. Qc2 e4 10. Ng1 O-O 11. d3 Bf5 12. d4 Bg6 13. Qb3 Nb6 14. Ne2 a5
15. Nf4 a4 16. Qd1 Na5 17. Bd2 Nb3 18. Rb1 c5 19. dxc5 Rad8 20. cxb6 Rxd2
21. Qg4 f5 22. Qg3 Qc5 23. Be2 Rxe2+ 24. Nxe2 Qc2 25. Rd1 Nc5 26. O-O Qxe2
27. Qc7 Nd3 28. Qxb7 f4 29. Qd5+ Kh8 30. exf4 Nxf4 31. Qd2 Qxd2 32. Rxd2 Nd3
33. Rfd1 Rb8 34. f3 Rxb6 35. fxe4 Bxe4 36. Rxd3 Bxd3 37. Rxd3 h5 38. Rd4
Rxb2 39. Rxa4 Kh7 40. Rb4 Ra2 41. a4 Ra1+ 42. Kf2 Ra2+ 43. Kg3 Kh6 44. h3
Ra3+ 45. Kh2 Ra2 46. Rb6+ g6 47. Rb4 Ra3 48. Rc4 Ra2 49. Rb4 Rc2 50. Rc4
Rxc4 51. Kg3 Rxa4 52. Kf3 Kg5 53. g4 Ra3+ {White resigns} 0-1

[Event "ICCopen2017"]
[Site "Internet Chess Club"]
[Date "2017.03.25"]
[Round "7"]
[White "crd"]
[Black "Chaos23"]
[Result "0-1"]
[ICCResult "White checkmated"]
[WhiteElo "1198"]
[BlackElo "1854"]
[Opening "Queen's pawn game"]
[ECO "D00"]
[NIC "QP.07"]
[Time "15:17:12"]
[TimeControl "180+0"]

1. d4 Nf6 2. Nc3 d5 3. h3 Bf5 4. Bf4 e6 5. a3 Bd6 6. Bxd6 cxd6 7. e3 O-O 8.
Nf3 Nc6 9. Nh4 Bg6 10. Nxg6 hxg6 11. Be2 e5 12. dxe5 dxe5 13. O-O d4 14.
exd4 exd4 15. Na2 Rc8 16. Bd3 Nd5 17. Nc1 g5 18. Ne2 Re8 19. Ng3 Nf4 20. Bf5
Rc7 21. Bg4 Ne5 22. Nh5 Neg6 23. Ng3 Nh4 24. Bf3 Qd6 25. Re1 Rce7 26. Rxe7
Rxe7 27. Qd2 Nxf3+ 28. gxf3 Qe6 29. Qxd4 Qxh3 30. Qd8+ Kh7 31. Qxe7 Qg2#
{White checkmated}
0-1

[Event "ICCopen2017"]
[Site "Internet Chess Club"]
[Date "2017.03.25"]
[Round "7"]
[White "Montserrat"]
[Black "Atomrod"]
[Result "0-1"]
[ICCResult "White checkmated"]
[WhiteElo "1883"]
[BlackElo "2321"]
[Opening "English: ultra-symmetrical variation"]
[ECO "A36"]
[NIC "EO.29"]
[Time "15:16:08"]
[TimeControl "180+0"]

1. c4 c5 2. Nc3 Nc6 3. g3 g6 4. Bg2 Bg7 5. e3 Nf6 6. Nge2 O-O 7. O-O d6 8.
b3 Bg4 9. h3 Bxe2 10. Nxe2 d5 11. Bb2 d4 12. d3 dxe3 13. fxe3 Qd7 14. d4
cxd4 15. exd4 e6 16. Rb1 Ne8 17. Kh2 Nd6 18. d5 Bxb2 19. Rxb2 exd5 20. Qxd5
Rad8 21. Rd2 Qe7 22. Nf4 Ne5 23. Qa5 b6 24. Qa3 Nf5 25. Qxe7 Nxe7 26. Nd5
Nxd5 27. Bxd5 Kg7 28. Re2 f6 29. Kg2 h5 30. Rfe1 Rd6 31. a4 a5 32. Rb1 Rc8
33. b4 axb4 34. Rxb4 Rc5 35. Kf2 Nd3+ 36. Kg2 Nxb4 37. Re8 Nxd5 38. cxd5
Rcxd5 39. Ra8 Rd2+ 40. Kf3 R6d3+ 41. Ke4 Rd6 42. Ke3 R2d5 43. Ra7+ Kh6 44.
g4 Re6+ 45. Kf3 Rd3+ 46. Kf2 hxg4 47. hxg4 Kg5 48. a5 bxa5 49. Rxa5+ Kxg4
50. Ra4+ Kg5 51. Rb4 Ra6 52. Rb2 Rh3 53. Kg2 Raa3 54. Rb5+ f5 55. Rc5 Rag3+
56. Kf2 Kg4 57. Rc4+ f4 58. Rc6 Rh2+ 59. Kf1 g5 60. Rc4 Ra3 61. Kg1 Rd2 62.
Rc1 Raa2 63. Kh1 f3 64. Rb1 Rh2+ 65. Kg1 Rag2+ 66. Kf1 Rh1# {White
checkmated} 0-1

[Event "ICCopen2017"]
[Site "Internet Chess Club"]
[Date "2017.03.25"]
[Round "7"]
[White "Massada"]
[Black "schastlivchik"]
[Result "0-1"]
[ICCResult "White forfeits on time"]
[WhiteElo "1482"]
[BlackElo "1806"]
[Opening "Alekhine's defense: modern, Panov variation"]
[ECO "B05"]
[NIC "AL.03"]
[Time "15:16:14"]
[TimeControl "180+0"]

1. e4 Nf6 2. e5 Nd5 3. d4 d6 4. Nf3 Bg4 5. h3 Bxf3 6. Qxf3 c6 7. Bc4 dxe5 8.
dxe5 e6 9. Nd2 Nd7 10. Qg3 Qa5 11. O-O N5b6 12. f4 Qc5+ 13. Kh1 Nxc4 14. Ne4
Qb4 15. a3 Qa5 16. b3 Ncb6 17. c4 f5 18. Ng5 O-O-O 19. Nxe6 Re8 20. Ng5 h6
21. Nf7 Rg8 22. Qg6 Bc5 23. b4 Bxb4 24. axb4 Qxa1 25. Nd6+ Kb8
{White forfeits on time}
0-1

[Event "ICCopen2017"]
[Site "Internet Chess Club"]
[Date "2017.03.25"]
[Round "7"]
[White "muhit"]
[Black "LeonieHelm"]
[Result "0-1"]
[ICCResult "White forfeits on time"]
[WhiteElo "1785"]
[BlackElo "1641"]
[Opening "QGD: Chigorin defense"]
[ECO "D07"]
[NIC "QP.08"]
[Time "15:16:14"]
[TimeControl "180+0"]

1. d4 d5 2. c4 Nc6 3. e3 e5 4. cxd5 Qxd5 5. Nc3 Bb4 6. Bd2 Bxc3 7. bxc3 exd4
8. cxd4 Nf6 9. Rc1 Bg4 10. Qb3 Qxb3 11. axb3 O-O 12. Bb5 Bd7 13. Nf3 a6 14.
Be2 Rfe8 15. O-O Rac8 16. Bd3 Bg4 17. Ne1 Nd5 18. f3 Bh5 19. Be4 Ndb4 20.
Kf2 Bg6 21. Bxc6 Nxc6 22. d5 Ne5 23. e4 f5 24. Bc3 Nf7 25. exf5 Bxf5 26. g4
Bg6 27. Ng2 Nd6 28. Nf4 Rcd8 29. Ne6 Rd7 30. Be5 Bf7 31. Rxc7 Rxc7 32. Bxd6
Bxe6 33. Bxc7 Bxd5 34. Kg3 Bxb3 35. Rd1 b5 36. Rd7 Be6 37. Rd6 Rc8 38. Bb6
b4 {White forfeits on time} 0-1

[Event "ICCopen2017"]
[Site "Internet Chess Club"]
[Date "2017.03.25"]
[Round "7"]
[White "ShadowStorm"]
[Black "LouiseErdrich"]
[Result "1-0"]
[ICCResult "Black checkmated"]
[WhiteElo "1343"]
[BlackElo "1109"]
[Opening "Queen's Pawn"]
[ECO "A41"]
[NIC "QO.17"]
[Time "15:16:01"]
[TimeControl "180+0"]

1. d4 d6 2. e3 g6 3. f4 Bg7 4. Nf3 Nf6 5. Bd3 O-O 6. Nbd2 Nbd7 7. O-O h6 8.
Qe2 Nh7 9. a3 e5 10. b3 Re8 11. fxe5 dxe5 12. e4 exd4 13. Bb2 c5 14. c3 Ne5
15. cxd4 Nxf3+ 16. Nxf3 cxd4 17. Rac1 Be6 18. Qc2 Rc8 19. Qd1 Rxc1 20. Bxc1
Qb6 21. e5 Bg4 22. Kh1 Bxe5 23. h3 Bd7 24. Bc4 Bg3 25. Nxd4 Qc7 26. Bb2 Ng5
27. Qd3 Be5 28. Qxg6+ Bg7 29. Nf5 Bxf5 30. Qxg7# {Black checkmated} 1-0

[Event "ICCopen2017"]
[Site "Internet Chess Club"]
[Date "2017.03.25"]
[Round "7"]
[White "shally"]
[Black "Alikfish"]
[Result "1-0"]
[ICCResult "Black resigns"]
[WhiteElo "1919"]
[BlackElo "1785"]
[Opening "Nimzovich-Larsen attack: modern variation"]
[ECO "A01"]
[NIC "VO.08"]
[Time "15:17:55"]
[TimeControl "180+0"]

1. b3 e5 2. Bb2 Nc6 3. e3 Nf6 4. Bb5 d6 5. d4 exd4 6. Qxd4 Bd7 7. Bxc6 Bxc6
8. Nf3 Be7 9. Nc3 a6 10. h3 Qd7 11. O-O-O O-O 12. e4 b5 13. g4 Rfd8 14. Qe3
Qc8 15. g5 Nd7 16. h4 Qb7 17. Nd4 Nc5 18. f3 Ne6 19. Nf5 Bf8 20. h5 Be8 21.
h6 Qb6 22. Qd2 g6 23. Nd5 gxf5 24. Nf6+ Kh8 25. Nxe8+ Kg8 26. Nf6+ Kh8 27.
Nd5+ Kg8 28. Nxb6 cxb6 29. exf5 Nxg5 30. Rhg1 f6 31. Qd5+ {Black resigns}
1-0

[Event "ICCopen2017"]
[Site "Internet Chess Club"]
[Date "2017.03.25"]
[Round "7"]
[White "bythebook"]
[Black "MrsPiggy"]
[Result "1-0"]
[ICCResult "Black forfeits on time"]
[WhiteElo "1535"]
[BlackElo "1336"]
[Opening "Philidor's defense"]
[ECO "C41"]
[NIC "KP.10"]
[Time "15:16:39"]
[TimeControl "180+0"]

1. e4 e5 2. Nf3 d6 3. Bc4 Bg4 4. c3 h6 5. Qb3 Be6 6. Bxe6 fxe6 7. Qxe6+ Ne7
8. d4 Qd7 9. Qb3 c6 10. dxe5 d5 11. exd5 Qxd5 12. Qxb7 c5 13. Qxd5 Nxd5 14.
Nbd2 Be7 15. Ne4 Nd7 16. O-O O-O 17. Rd1 N5b6 18. c4 Rfd8 19. b3 Nf8 20. Be3
Ne6 21. Kf1 a5 22. a4 Kf7 23. Ke2 Rdc8 24. Nc3 Rd8 25. Nd5 Nxd5 26. cxd5 Bf8
27. dxe6+ Kxe6 28. Rxd8 {Black forfeits on time} 1-0

[Event "ICCopen2017"]
[Site "Internet Chess Club"]
[Date "2017.03.25"]
[Round "7"]
[White "AnthonyRaelund"]
[Black "Mandragora"]
[Result "0-1"]
[ICCResult "White checkmated"]
[WhiteElo "1423"]
[BlackElo "1600"]
[Opening "English opening"]
[ECO "A20"]
[NIC "EO.24"]
[Time "15:15:54"]
[TimeControl "180+0"]

1. c4 e5 2. g3 Ne7 3. Bg2 Ng6 4. Nc3 c6 5. d4 exd4 6. Qxd4 Na6 7. a3 Nc7 8.
Nf3 Ne6 9. Qd1 Be7 10. O-O O-O 11. Be3 a6 12. Na4 b5 13. Nb6 Rb8 14. Nxc8
Rxc8 15. cxb5 axb5 16. b4 Bf6 17. Rc1 Bb2 18. Rc2 Bxa3 19. Bd2 Ne5 20. Nxe5
Nd4 21. Ra2 Ra8 22. e3 Nf5 23. Qb3 Qf6 24. Bc3 Bxb4 25. Rxa8 Rxa8 26. Qxb4
Ra4 27. Qb2 Qe6 28. Rd1 d5 29. Bh3 Qg6 30. Bxf5 Qxf5 31. Nxc6 h5 32. Nd4 Qg4
33. Ra1 Rc4 34. Qxb5 Rxc3 35. Qxd5 h4 36. Ra8+ Kh7 37. Qxf7 Rc1+ 38. Kg2 h3#
{White checkmated}
0-1

[Event "ICCopen2017"]
[Site "Internet Chess Club"]
[Date "2017.03.25"]
[Round "7"]
[White "trucker"]
[Black "icewoman"]
[Result "1-0"]
[ICCResult "Black checkmated"]
[WhiteElo "1513"]
[BlackElo "1076"]
[Opening "Philidor: Improved Hanham variation"]
[ECO "B07"]
[NIC "PU.08"]
[Time "15:16:03"]
[TimeControl "180+0"]

1. e4 d6 2. d4 Nf6 3. Nc3 Nbd7 4. Nf3 e5 5. Bc4 Be7 6. Bxf7+ Kxf7 7. Ng5+
Ke8 8. Ne6 b6 9. O-O c6 10. Nxd8 Bxd8 11. f4 exd4 12. Qxd4 c5 13. Qd1 Bc7
14. Be3 h6 15. Nb5 Bb8 16. Nxd6+ Kd8 17. Nf7+ Kc7 18. Nxh8 Nf8 19. Nf7 Bg4
20. Qd8+ Kb7 21. Qxf8 Nxe4 22. Qxg7 Bc8 23. Nd8+ Ka6 24. Qg6 Nd6 25. Qd3+ b5
26. Bxc5 Nb7 27. Qg6+ Ka5 28. b4+ Ka4 29. Qa6+ Na5 30. Qxa5# {Black
checkmated} 1-0

[Event "ICCopen2017"]
[Site "Internet Chess Club"]
[Date "2017.03.25"]
[Round "7"]
[White "waynerooney"]
[Black "The7thGuest"]
[Result "1-0"]
[ICCResult "Black resigns"]
[WhiteElo "1974"]
[BlackElo "1762"]
[Opening "Caro-Kann: anti-anti-Caro-Kann defense"]
[ECO "B10"]
[NIC "CK.01"]
[Time "15:16:36"]
[TimeControl "180+0"]

1. e4 c6 2. c4 d5 3. cxd5 cxd5 4. exd5 Nf6 5. Nc3 Nxd5 6. d4 Nc6 7. Bc4 e6
8. Nf3 Nxc3 9. bxc3 Bd6 10. O-O h6 11. Bb2 O-O 12. Bb3 Na5 13. Bc2 f5 14.
Re1 Nc4 15. Bc1 b6 16. Bb3 Qc7 17. Qe2 b5 18. a4 Bd7 19. Nd2 Nxd2 20. Bxe6+
Bxe6 21. Qxe6+ Kh8 22. Bxd2 bxa4 23. Rxa4 Bxh2+ 24. Kh1 Bf4 25. Rc4 Qb8 26.
Bxf4 Qxf4 27. Qe3 Qh4+ 28. Kg1 f4 29. Qe7 Qxe7 30. Rxe7 Rfc8 31. Rxc8+ Rxc8
32. Rxa7 Rxc3 33. Rf7 g5 34. Kf1 Rd3 35. Rd7 f3 36. gxf3 Rxf3 37. Ke2 Ra3
38. d5 h5 39. f3 h4 40. Rb7 Ra2+ 41. Ke3 h3 42. d6 Ra6 43. d7 Rd6 44. Rb8+
Kg7 45. d8=Q Rxd8 46. Rxd8 h2 47. Rd1 {Black resigns} 1-0

[Event "ICCopen2017"]
[Site "Internet Chess Club"]
[Date "2017.03.25"]
[Round "7"]
[White "Siryk"]
[Black "halski"]
[Result "1-0"]
[ICCResult "Black resigns"]
[WhiteElo "2990"]
[BlackElo "2411"]
[Opening "QGD: Semi-Tarrasch, 5.cd"]
[ECO "D41"]
[NIC "TD.08"]
[Time "15:16:23"]
[TimeControl "180+0"]

1. d4 Nf6 2. c4 e6 3. Nf3 d5 4. Nc3 c5 5. cxd5 Nxd5 6. e4 Nxc3 7. bxc3 cxd4
8. cxd4 Bb4+ 9. Bd2 Bxd2+ 10. Qxd2 O-O 11. Bc4 b6 12. O-O Nd7 13. d5 Nc5 14.
Rfe1 exd5 15. Bxd5 Bb7 16. Rad1 Bxd5 17. exd5 Qd6 18. Ne5 Rfe8 19. Nc4 Qd7
20. d6 Rxe1+ 21. Rxe1 Re8 22. Rxe8+ Qxe8 23. h3 h6 24. Qd4 Qe6 25. Ne5 Nd7
26. Nxd7 Qxd7 27. Qd5 g6 28. f4 Kf8 29. Qe5 Kg8 30. Qe7 Qc6 31. Kh2 Qc1 32.
Qe8+ Kg7 33. Qe5+ f6 34. Qe7+ Kg8 35. Qxf6 {Black resigns} 1-0

[Event "ICCopen2017"]
[Site "Internet Chess Club"]
[Date "2017.03.25"]
[Round "7"]
[White "Istrebitel"]
[Black "flashlight"]
[Result "1-0"]
[ICCResult "Black resigns"]
[WhiteElo "1723"]
[BlackElo "2031"]
[Opening "Sicilian defense"]
[ECO "B40"]
[NIC "SI.43"]
[Time "15:16:43"]
[TimeControl "180+0"]

1. e4 c5 2. Nf3 e6 3. d3 d5 4. Nbd2 Nc6 5. g3 g6 6. Bg2 Bg7 7. O-O Nge7 8.
Re1 b6 9. c3 a5 10. exd5 exd5 11. Nf1 O-O 12. Ne3 Ra7 13. d4 cxd4 14. Nxd4
Nxd4 15. cxd4 Be6 16. b3 Nc6 17. Bb2 Qd7 18. Rc1 Rc7 19. Qd2 Rfc8 20. a3 h5
21. h4 b5 22. Qd3 b4 23. a4 Ne7 24. Rxc7 Qxc7 25. Rc1 Qb7 26. Rxc8+ Qxc8 27.
Qb5 Qd8 28. Qc5 Kh7 29. Qa7 Nc6 30. Qc5 Ne7 31. Qa7 Kg8 32. Qc5 Bf8 33. Qb5
Bg7 34. Bf3 Bd7 35. Qd3 Be6 36. Qb5 Bf6 37. Kg2 Kg7 38. Qc5 Kg8 39. Qb5 Bg7
40. Qc5 Bf8 41. Qb5 Bd7 42. Qd3 Bc6 43. Qc2 Qd7 44. Qd3 Nc8 45. Kg1 Ne7 46.
Bg2 Qe6 47. Kh2 Nc8 48. Bh3 Nd6 49. Bxe6 {Black resigns} 1-0

[Event "ICCopen2017"]
[Site "Internet Chess Club"]
[Date "2017.03.25"]
[Round "7"]
[White "Palse"]
[Black "Kalmyk"]
[Result "0-1"]
[ICCResult "White checkmated"]
[WhiteElo "2243"]
[BlackElo "2869"]
[Opening "Sicilian: Najdorf, 7.f4"]
[ECO "B96"]
[NIC "SI.04"]
[Time "15:15:56"]
[TimeControl "180+0"]

1. e4 c5 2. Nf3 d6 3. d4 cxd4 4. Nxd4 Nf6 5. Nc3 a6 6. Bg5 e6 7. f4 h6 8.
Bh4 Be7 9. Qe2 Nbd7 10. O-O-O Qc7 11. g4 g5 12. fxg5 hxg5 13. Bxg5 Ne5 14.
Bg2 Nfxg4 15. Bxe7 Qxe7 16. Kb1 Bd7 17. h3 Nf6 18. Qf2 O-O-O 19. Rhf1 Rh6
20. Nb3 Kb8 21. Qd2 Rg6 22. Rf2 Bc6 23. Rdf1 Nfd7 24. Nd4 Rc8 25. Qe3 Nc4
26. Qe1 Nde5 27. b3 Na3+ 28. Kb2 Nb5 29. Ncxb5 Bxb5 30. c4 Qc7 31. Qc3 Qb6
32. Ka1 Bxc4 33. Rc1 Rg3 34. Bf3 Nd3 35. bxc4 Nxf2 36. Rb1 Qc5 37. Qb2 Rc7
38. Nb3 Qxc4 39. Qxf2 Qc3+ 40. Rb2 Rxf3 41. Qe2 Re3 42. Qd2 Re1+ 43. Qxe1
Qxe1+ 44. Rb1 Qc3+ 45. Rb2 Qe5 46. a3 Rc2 47. Nd4 Qxd4 48. Kb1 Qxb2#
{White checkmated}
0-1

[Event "ICCopen2017"]
[Site "Internet Chess Club"]
[Date "2017.03.25"]
[Round "7"]
[White "Heian"]
[Black "Djukanyc"]
[Result "0-1"]
[ICCResult "White checkmated"]
[WhiteElo "1491"]
[BlackElo "1841"]
[Opening "French: advance, Milner-Barry gambit"]
[ECO "B40"]
[NIC "SI.43"]
[Time "15:17:03"]
[TimeControl "180+0"]

1. e4 c5 2. Nf3 e6 3. c3 d5 4. e5 Nc6 5. d4 Qb6 6. Bd3 cxd4 7. cxd4 Bd7 8.
O-O Nxd4 9. Nbd2 Nxf3+ 10. Nxf3 Nh6 11. Be3 Bc5 12. Bxh6 gxh6 13. b4 Qxb4
14. Rb1 Qa5 15. Rxb7 Bc6 16. Rb1 Qa4 17. Qc1 Be7 18. Qxh6 Qg4 19. h3 Qf4 20.
Qg7 Kd7 21. Bb5 Rhg8 22. Bxc6+ Kxc6 23. Rfc1+ Bc5 24. Qxh7 Qxf3 25. Qc2
Qxg2# {White checkmated} 0-1

[Event "ICCopen2017"]
[Site "Internet Chess Club"]
[Date "2017.03.25"]
[Round "7"]
[White "DarthVadar"]
[Black "nmd"]
[Result "1/2-1/2"]
[ICCResult "White ran out of time and Black has no material to mate"]
[WhiteElo "1808"]
[BlackElo "1570"]
[Opening "Sicilian: closed"]
[ECO "B24"]
[NIC "SI.44"]
[Time "15:15:59"]
[TimeControl "180+0"]

1. e4 c5 2. Nc3 Nc6 3. g3 g6 4. Bg2 Bg7 5. d3 e5 6. Be3 d6 7. Qd2 Nge7 8.
Bh6 O-O 9. h4 f6 10. Bxg7 Kxg7 11. h5 g5 12. h6+ Kg8 13. f4 exf4 14. gxf4
Ng6 15. fxg5 fxg5 16. O-O-O Nf4 17. Nh3 Nxg2 18. Qxg2 g4 19. Nf2 Nd4 20. Kb1
b5 21. Nxg4 Kh8 22. Rdg1 Rg8 23. Qh3 Qg5 24. Qf1 Bxg4 25. Rxg4 Qxg4 26. Qf6+
Rg7 27. hxg7+ Qxg7 28. Qxd6 c4 29. dxc4 bxc4 30. Nd5 Rg8 31. a3 Nb5 32. Qe6
c3 33. Nf6 Nd4 34. Qxg8+ Qxg8 35. Nxg8 Kxg8 36. bxc3 Ne2 37. Rh6 Nxc3+ 38.
Kc1 Nxe4 39. Ra6 h5 40. Rxa7 h4 41. Ra4 h3 42. Rxe4 h2 43. Rh4 Kg7 44. Rxh2
Kg6 {White ran out of time and Black has no material to mate} 1/2-1/2

[Event "ICCopen2017"]
[Site "Internet Chess Club"]
[Date "2017.03.25"]
[Round "7"]
[White "HouseMorgan"]
[Black "Sophiste"]
[Result "0-1"]
[ICCResult "White forfeits on time"]
[WhiteElo "2009"]
[BlackElo "3205"]
[Opening "King's Indian: East Indian defense"]
[ECO "A48"]
[NIC "QP.06"]
[Time "15:17:25"]
[TimeControl "180+0"]

1. d4 Nf6 2. Nf3 g6 3. e3 Bg7 4. Be2 O-O 5. O-O b6 6. c4 Bb7 7. Nc3 c5 8. b3
d5 9. Bb2 Nbd7 10. Ne5 e6 11. cxd5 Nxe5 12. dxe5 Nxd5 13. Nxd5 Bxd5 14. Bf3
Bxf3 15. Qxf3 Qd2 16. Rab1 Rad8 17. Rfd1 Qc2 18. h4 Rd5 19. e4 Rd7 20. Bc3
Rfd8 21. Rdc1 Qxa2 22. Rb2 Qa6 23. h5 Rd3 24. Qf4 Rxc3 25. Rxc3 Qa1+ 26. Kh2
Qxb2 27. h6 Bh8 28. Rf3 Bxe5 {White forfeits on time} 0-1

[Event "ICCopen2017"]
[Site "Internet Chess Club"]
[Date "2017.03.25"]
[Round "7"]
[White "StevieMcStiefel"]
[Black "DEHO"]
[Result "0-1"]
[ICCResult "White forfeits on time"]
[WhiteElo "1651"]
[BlackElo "2035"]
[Opening "Scandinavian (center counter) defense"]
[ECO "B01"]
[NIC "VO.17"]
[Time "15:16:04"]
[TimeControl "180+0"]

1. e4 d5 2. Nc3 dxe4 3. Nxe4 Bf5 4. Ng3 Bg6 5. h4 h6 6. h5 Bh7 7. Bc4 e6 8.
d3 Nf6 9. Nf3 Nbd7 10. Be3 c6 11. Qd2 Bd6 12. Rh3 Qc7 13. O-O-O O-O-O 14.
Ne2 Kb8 15. a3 Rhe8 16. Ba2 Nb6 17. Nc3 Nbd5 18. Nxd5 cxd5 19. Nd4 a6 20. g4
e5 21. Nf5 Bf8 22. f3 Rc8 23. c3 Ka8 24. Bf2 e4 25. Qe3 Qb8 26. dxe4 dxe4
27. fxe4 Nxg4 28. Qg3 Nxf2 29. Qxf2 Rxe4 30. Bxf7 Qe5 31. Nd4 Rxc3+ 32. bxc3
Bxa3+ 33. Kc2 Rxd4+ 34. Kb3 Qb5+ 35. Ka2 Rxd1 36. Bb3 Bb1+ 37. Kxa3 Qa5+
{White forfeits on time}
0-1

[Event "ICCopen2017"]
[Site "Internet Chess Club"]
[Date "2017.03.25"]
[Round "7"]
[White "sonofmarabu"]
[Black "kaimann"]
[Result "0-1"]
[ICCResult "White forfeits on time"]
[WhiteElo "1627"]
[BlackElo "1870"]
[Opening "Alekhine's defense"]
[ECO "B03"]
[NIC "AL.09"]
[Time "15:16:13"]
[TimeControl "180+0"]

1. e4 Nf6 2. e5 Nd5 3. d4 Nb6 4. Be2 d6 5. Nf3 Bg4 6. h3 Bf5 7. Nc3 e6 8.
O-O Be7 9. Bd3 Bxd3 10. Qxd3 O-O 11. Bf4 d5 12. Ne2 c5 13. c3 Nc6 14. dxc5
Bxc5 15. b4 Be7 16. Ned4 Nxd4 17. Nxd4 a6 18. Qg3 Kh8 19. Rad1 Rc8 20. Rd3
Rc4 21. Bd2 Qc8 22. f4 f5 23. exf6 Bxf6 24. Qe3 Re8 25. Re1 Bxd4 26. Rxd4
Rc6 27. Qg3 Nc4 28. Bc1 Nd6 29. Rd3 Nf5 30. Qf3 d4 31. c4 Rxc4 32. Bb2 Qc6
33. Qxc6 bxc6 34. g4 Nd6 35. Rxd4 Rxd4 36. Bxd4 Nb5 37. Bc5 Kg8 38. f5 Kf7
39. fxe6+ Rxe6 40. Rf1+ Rf6 41. Re1 Re6 42. Rf1+ Kg6 43. h4 h5 44. g5 Nc3
45. Rf8 Nd5 46. Bd4 Re1+ 47. Kf2 Re7 48. Rh8 Nxb4 {White forfeits on time}
0-1

[Event "ICCopen2017"]
[Site "Internet Chess Club"]
[Date "2017.03.25"]
[Round "7"]
[White "livis"]
[Black "GulkovIgor"]
[Result "0-1"]
[ICCResult "White resigns"]
[WhiteElo "1879"]
[BlackElo "2348"]
[Opening "Sicilian: Grand Prix attack"]
[ECO "B21"]
[NIC "SI.48"]
[Time "15:17:48"]
[TimeControl "180+0"]

1. e4 c5 2. f4 g6 3. Nf3 Bg7 4. d3 Nc6 5. c3 d6 6. Be2 Nf6 7. O-O O-O 8. Na3
Bg4 9. Nc2 b5 10. h3 Bxf3 11. Bxf3 Rc8 12. a3 Nd7 13. Rb1 a5 14. Ne3 a4 15.
f5 Nde5 16. Ng4 Nxg4 17. Bxg4 Ne5 18. Be2 e6 19. d4 cxd4 20. cxd4 Nc6 21. d5
exd5 22. exd5 Nd4 23. fxg6 hxg6 24. Be3 Qh4 25. Rf4 Nxe2+ 26. Qxe2 Qe7 27.
Qf3 Rc4 28. Rxc4 bxc4 29. Rf1 Bxb2 30. Bh6 Re8 31. Kh1 Be5 32. Re1 Qh4 33.
Re2 Qxh6 34. Qg4 Qc1+ {White resigns} 0-1

[Event "ICCopen2017"]
[Site "Internet Chess Club"]
[Date "2017.03.25"]
[Round "7"]
[White "dhar2603"]
[Black "sacov"]
[Result "0-1"]
[ICCResult "White resigns"]
[WhiteElo "1816"]
[BlackElo "2143"]
[Opening "Réti: advance variation"]
[ECO "A09"]
[NIC "RE.14"]
[Time "15:17:06"]
[TimeControl "180+0"]

1. Nf3 d5 2. c4 d4 3. g3 c5 4. Bg2 Nc6 5. O-O Nf6 6. d3 e5 7. Bg5 Be7 8.
Nbd2 O-O 9. a3 h6 10. Bxf6 Bxf6 11. Rb1 Re8 12. b4 Be7 13. b5 Na5 14. Nxe5
Bg5 15. Nef3 Be7 16. Re1 Bg4 17. Qa4 Rc8 18. Nb3 Nxb3 19. Rxb3 Qb6 20. Rbb1
Bf6 21. Qc2 Re7 22. a4 Rce8 23. h3 Bh5 24. Qd2 Qc7 25. a5 Bg6 26. b6 axb6
27. Rxb6 Qc8 28. Bf1 Bf5 29. h4 Bd7 30. Rxf6 gxf6 31. Qxh6 Qc6 32. Bg2 f5
33. Qf4 Rxe2 34. Rxe2 Rxe2 35. Ne5 Qe6 36. Bd5 Qxe5 37. Qg5+ Qg7 38. Qd8+
Be8 39. Bxb7 Qe5 40. Bc6 Re1+ 41. Kg2 Qe2 42. a6 Qf1+ 43. Kf3 Qh1+ 44. Kf4
Qxc6 {White resigns} 0-1

[Event "ICCopen2017"]
[Site "Internet Chess Club"]
[Date "2017.03.25"]
[Round "7"]
[White "BeerMeUpScotty"]
[Black "StaggerLee"]
[Result "0-1"]
[ICCResult "White checkmated"]
[WhiteElo "1544"]
[BlackElo "1387"]
[Opening "two knights defense: Wilkes Barre (Traxler) variation"]
[ECO "C57"]
[NIC "KP.01"]
[Time "15:17:16"]
[TimeControl "180+0"]

1. e4 e5 2. Nf3 Nc6 3. Bc4 Nf6 4. Ng5 Bc5 5. Nxf7 Bxf2+ 6. Kf1 Qe7 7. Nxh8
d5 8. Bxd5 Bg4 9. Kxf2 Bxd1 10. Rxd1 Nxd5 11. exd5 Qc5+ 12. d4 Qxd5 13. c3
O-O-O 14. Nd2 Rxh8 15. Nf3 Rf8 16. Kg1 e4 17. Ng5 h6 18. Nh3 g5 19. Be3 Ne7
20. b3 Nf5 21. c4 Qf7 22. Bc1 e3 23. Bb2 h5 24. Nxg5 Qg6 25. Nf3 Qg4 26. Re1
Re8 27. Ne5 Qe4 28. Rac1 Nxd4 29. Bxd4 Qxd4 30. Nf3 Qb2 31. Ra1 Rg8 32. Reb1
Qxg2# {White checkmated} 0-1

[Event "ICCopen2017"]
[Site "Internet Chess Club"]
[Date "2017.03.25"]
[Round "7"]
[White "sovereignpower"]
[Black "Marblerevealer"]
[Result "0-1"]
[ICCResult "White forfeits on time"]
[WhiteElo "1391"]
[BlackElo "1743"]
[Opening "Caro-Kann: advance variation"]
[ECO "B12"]
[NIC "CK.04"]
[Time "15:16:53"]
[TimeControl "180+0"]

1. d4 c6 2. e4 d5 3. e5 Bf5 4. Nc3 e6 5. Nf3 Nd7 6. Bd3 Bg6 7. O-O Ne7 8.
Nh4 Bxd3 9. Qxd3 Ng6 10. Nf3 Be7 11. a3 a6 12. g3 c5 13. Nxd5 exd5 14. e6
fxe6 15. Kg2 O-O 16. c3 e5 17. dxe5 Ndxe5 18. Nxe5 Nxe5 19. Qc2 d4 20. f4
Qd5+ 21. Kh3 d3 22. Qd1 Ng6 23. Rf3 c4 24. b3 b5 25. bxc4 bxc4 26. Be3 Bc5
27. Bxc5 Qxc5 28. a4 Qd5 29. Rf2 Rae8 30. a5 Re3 31. Qg4 Rfe8 32. Raf1 Re2
{White forfeits on time}
0-1

[Event "ICCopen2017"]
[Site "Internet Chess Club"]
[Date "2017.03.25"]
[Round "7"]
[White "onti"]
[Black "ivancele"]
[Result "1-0"]
[ICCResult "Black forfeits on time"]
[WhiteElo "1311"]
[BlackElo "1397"]
[Opening "King's pawn opening"]
[ECO "B07"]
[NIC "VO.17"]
[Time "15:16:32"]
[TimeControl "180+0"]

1. e4 d6 2. f4 Nf6 3. e5 dxe5 4. fxe5 Nd5 5. Nf3 g6 6. Bc4 c6 7. Nc3 e6 8.
d4 Bg7 9. Ne4 O-O 10. O-O b5 11. Bd3 a6 12. Nfg5 Nd7 13. Nd6 N7b6 14. Ngxf7
Qh4 15. c3 Bd7 16. Bg5 Qh5 17. Be2 Ne3 18. Qe1 Nc2 19. Qd2 Nc4 20. Bxh5 Nxd2
21. Rf2 Nxa1 22. Rxd2 gxh5 23. Nh6+ Bxh6 24. Bxh6 {Black forfeits on time}
1-0